 Dungeon Crawl Stone Soup version 0.29-a0-352-g0917bc69df (webtiles) character file.

Game seed: 9190327461133173408

32 Morbidden the Skirmisher (level 3, -2/29 HPs)
             Began as a Demonspawn Fighter on Apr 24, 2022.
             Slain by a gnoll
             ... wielding a +0 club
              (4 damage)
             ... on level 3 of the Dungeon.
             The game lasted 00:01:20 (894 turns).

Morbidden the Skirmisher (Demonspawn Fighter)        Turns: 894, Time: 00:01:20

Health: -2/29      AC:  6    Str: 24    XL:     3   Next: 8%
Magic:  3/3        EV:  9    Int:  9    God:
Gold:   67         SH:  8    Dex: 12    Spells: 2/2 levels left

rFire   . . .      SeeInvis .   a - +0 war axe
rCold   . . .      Faith    .   c - +0 buckler
rNeg    . . .      Spirit   .   b - +0 scale mail
rPois   .          Reflect  .   (no helmet)
rElec   .          Harm     .   (no cloak)
rCorr   .          Rampage  .   (no gloves)
Will    .....                   (no boots)
Stlth   ..........              (no amulet)
HPRegen 0.09/turn               i - +6 ring of strength
MPRegen 0.08/turn               (no ring)

@: no status effects
A: condensation shield
a: no special abilities


You were on level 3 of the Dungeon.
You visited 1 branch of the dungeon, and saw 4 of its levels.

You collected 67 gold pieces.

Inventory:

Hand Weapons
 a - a +0 war axe (weapon)
Missiles
 m - 5 boomerangs (quivered)
Armour
 b - a +0 scale mail (worn)
 c - a +0 buckler (worn)
Jewellery
 i - a +6 ring of strength (left hand)
Scrolls
 h - 3 scrolls of identify {unknown}
Potions
 d - a potion of might
 e - a potion of berserk rage {unknown}
 f - a potion of heal wounds {unknown}
 g - a potion of flight {unknown}
 j - a potion of cancellation {unknown}
 k - a potion of haste {unknown}
 l - 2 potions of attraction {unknown}
 n - a potion of degeneration {unknown}


   Skills:
 * Level 3.3 Fighting
 * Level 2.0 Axes
 + Level 3.1 Armour
 + Level 3.0 Shields


You had 2 spell levels left.
You didn't know any spells.
Your spell library was empty.

Dungeon Overview and Level Annotations

Branches:
Dungeon (4/15)
 Temple: D:4-7

Altars:
Ru

Shops:
D:3 (*   D:4 :


Innate Abilities, Weirdness & Mutations

A meltable shield of frost defends you. (SH +4)


Message History

The gnoll is severely wounded.
The gnoll hits you with a +0 club.
A ball python comes into view.
Unknown command.
Unknown command.
The gnoll attacks as you move away! The gnoll hits you with a +0 club.
The gnoll attacks as you move away! The gnoll hits you with a +0 club.
The gnoll attacks as you move away! You block the gnoll's attack.
The gnoll attacks as you move away! You block the gnoll's attack.
A ball python and a kobold come into view.
The ball python hisses angrily.
The kobold shouts!
The gnoll attacks as you move away! You block the gnoll's attack.
A worm comes into view.
Found 9 gold pieces.
There is a stone staircase leading down here.
The gnoll closely misses you.
The ball python bites you but does no damage.
The ball python grabs you.
You stop descending the stairs.
The ball python constricts you.
Unknown command.
Unknown command.
Unknown command.
You escape the ball python's grasp.
The gnoll barely misses you. You block the gnoll's attack.
You block the ball python's attack. x2
You climb downwards.
Found 19 stones.
Found Itraeloev's Book Boutique.
Found a stone staircase leading down.
There is a stone staircase leading up here.
You block the gnoll's attack. The ball python barely misses you.
You block the ball python's attack.
You climb upwards.
The gnoll hits you with a +0 whip. The gnoll hits you with a +0 whip!
* * * LOW HITPOINT WARNING * * *
There is a stone staircase leading down here.
Unknown command.
Unknown command.
Unknown command.
Okay, then.
The gnoll attacks as you move away! The gnoll hits you with a +0 club.
You die...

........... ..........
.......... .##
.........# ....#
.........# #...#
......... ##...# #
........## #....## .##
.......@.###.##..###..#.
......Sggg..............
$......KS...............
....w.............†.....
........#....#..........
........#)..............
........#....#..........
........#....#..........
..... ####.#..........


You could see a worm, 3 gnolls, 2 ball pythons and a kobold.

Vanquished Creatures
  An adder (D:2)
  3 endoplasms
  A giant cockroach (D:2)
  A hobgoblin (D:2)
  A kobold (D:2)
  2 quokkas (D:2)
  5 ball pythons
  3 bats
  A frilled lizard (D:2)
  4 rats
22 creatures vanquished.

Notes
Turn   | Place    | Note
-------+----------+-------------------------------------------
     0 | D:1      | Morbidden the Demonspawn Fighter began the quest for the
                  | Orb.
     0 | D:1      | Reached XP level 1. HP: 18/18 MP: 1/1
    19 | D:1      | You fall into a shaft and drop 1 floor!
    25 | D:2      | Gained mutation: A meltable shield of frost defends you.
                  | (SH +4) [demonic ancestry]
    25 | D:2      | Reached XP level 2. HP: 16/24 MP: 2/2
   206 | D:2      | Found a sacrificial altar of Ru.
   689 | D:2      | Reached XP level 3. HP: 29/29 MP: 3/3
   810 | D:3      | Found Rojegrai's General Store.
   835 | D:3      | Found Qestre's Antique Weapon Boutique.
   891 | D:4      | Found Itraeloev's Book Boutique.
   894 | D:3      | Slain by a gnoll

Illustrated notes

Levels and vault maps discovered:
D:1:      psy_arrival_spokes, layout_basic, serial_shops, shop,
          basic_ecumenical_altar
D:2:      layout_loops_ring, basic_altar
D:3:      layout_rooms, nicolae_overflow_ecumenical_swirl, serial_shops, shop,
          shop, nicolae_shop_advertising_works [nicolae_subvault_shop_adworks],
          nicolae_shop_overgrown_old_shop, uniq_ijyb
D:4:      minmay_goblin_kobold_castle, layout_basic,
          nicolae_dithmenos_shadow_blocks, lemuel_coloured_pillars_altar,
          serial_shops, nicolae_stop_n_shop_2, nicolae_stop_n_shop_2

Skill      XL: |  1  2 |
---------------+-------+-----
Armour         | 3 |  3.1
Axes           | 2 |  2.0
Shields        | 3 |  3.0
Fighting       | |  3.3

Action                   || total
-------------------------++-------
Melee: War axe           ||    71
Armor: Scale mail        ||    35
Dodge: Dodged            ||    36
Block: Buckler           ||    45

Table legend: (Time is in decaauts)
 A = Elapsed time spent in this place.
 B = Non-inter-level travel time spent in this place.
 C = Inter-level travel time spent in this place.
 D = Time resting spent in this place.
 E = Time spent auto-exploring this place.
 F = Levels seen in this place.
 G = Mean time per level.
                   A        B        C        D        E       F      G
               +--------+--------+--------+--------+--------+-----+--------+
         Total |    925 |    900 |     25 |      0 |    684 |   4 |  231.2 |
       Dungeon |    925 |    900 |     25 |      0 |    684 |   4 |  231.2 |
               +--------+--------+--------+--------+--------+-----+--------+

Top non-repeatable levels by time:
     D:2: 812 daAuts
     D:3: 91 daAuts
     D:1: 19 daAuts
     D:4: 1 daAuts
